Senators vs Checkers
Created - Monday, March 3, 2025 at 20:51
Goals
|
Senators |
3 |
0 |
1 |
4 |
Checkers |
2 |
0 |
0 |
2 |
|
Shots
|
Senators |
8 |
13 |
10 |
31 |
Checkers |
16 |
9 |
6 |
31 |
|
1st period
1. Checkers , Ethan Frisch 6 (Nikita Nesterenko 31, Jiri Smejkal 22) at 0:56
2. Senators , Peter Abbandonato 28 (Jon Merrill 40) at 2:25 (PP)
3. Senators , Peter Abbandonato 29 (Cameron Hebig 23, Tye Felhaber 19) at 5:04 (PP)
4. Senators , Tye Felhaber 11 (Graeme Clarke 51) at 5:16
5. Checkers , Wyatt Bongiovanni 22 (Dino Kambeitz 21, Joe Carroll 35) at 6:55
Penalties :
Christoffer Sedoff (CHA) for Hooking (Minor) at 1:12, Roland McKeown (BEL) for Roughing (Minor) at 2:48, Jeffrey Viel (CHA) for Roughing (Minor) at 4:54, Joe Carroll (CHA) for High sticking (Minor) at 8:18, Graeme Clarke (BEL) for Slashing (Minor) at 15:42
2nd period
No Goal
Penalties :
Dakota Mermis (BEL) for Cross-checking (Minor) at 6:01, Riley Stillman (BEL) for Hooking (Minor) at 9:40, Ethan Frisch (CHA) for Cross-checking (Minor) at 19:59
3rd period
6. Senators , Tye Felhaber 12 (Jon Merrill 41, Givani Smith 35) at 1:13 (PP)
Penalties :
Griffin Mendel (CHA) for Boarding (Major) at 0:51, Tyler Wotherspoon (CHA) for Roughing (Minor) at 1:01, Graeme Clarke (BEL) for Slashing (Minor) at 10:27, Tyler Wotherspoon (CHA) for Hooking (Minor) at 16:08, Riley Stillman (BEL) for Hooking (Minor) at 18:24
Goalie Stats
Alexei Kolosov (BEL), 29 saves from 31 shots - (0.935), W, 35-15-3, 60:00 minutes
Matthew Murray (CHA), 27 saves from 31 shots - (0.871), L, 10-23-3, 60:00 minutes
Players Stats for Senators
Player Name G A P +/- PIM S H SB GA TA FO MP PP MP PK MP
------------------------------------------------------------------------------------
Cal O'Reilly 0 0 0 0 0 4 0 1 0 0 8/17 12:30 0:00 5:13
Cameron Hebig 0 1 1 -2 0 2 0 0 0 0 1/1 15:48 5:13 0:00
Dakota Mermis 0 0 0 -1 2 0 3 2 0 0 0/0 20:58 5:03 2:23
Gerry Mayhew 0 0 0 1 0 2 1 0 0 0 1/1 15:27 5:21 0:00
Givani Smith 0 1 1 0 0 1 2 0 0 0 0/0 13:50 5:04 0:00
Graeme Clarke 0 1 1 1 4 2 2 0 0 0 7/15 16:33 5:47 0:42
Greg McKegg 0 0 0 0 0 2 0 0 0 0 8/12 16:21 1:50 5:45
Jon Merrill 0 2 2 1 0 1 2 1 0 0 0/0 17:44 4:53 1:27
Logan Day 0 0 0 1 0 1 3 4 0 0 0/0 16:30 0:00 5:11
Mathieu Olivier 0 0 0 -2 0 5 4 0 0 0 0/0 21:17 4:52 5:16
Milan Lucic 0 0 0 0 0 1 2 0 0 0 0/0 12:15 0:47 4:44
Peter Abbandonato 2 0 2 0 0 2 0 0 0 0 12/23 14:18 5:32 0:00
Riley Stillman 0 0 0 -1 4 1 2 3 0 0 0/0 16:59 0:40 4:00
Roland McKeown 0 0 0 -1 2 1 2 2 0 0 0/0 17:44 0:00 4:52
Seth Griffith 0 0 0 -2 0 2 0 1 0 0 10/19 16:36 5:28 0:00
Tye Felhaber 2 1 3 1 0 3 2 0 0 0 0/0 16:40 4:30 1:30
Tyler Spezia 0 0 0 0 0 0 0 0 0 0 1/1 7:29 0:12 0:00
William Villeneuve 0 0 0 -1 0 1 3 0 0 0 0/0 19:25 0:48 4:57
Players Stats for Checkers
Player Name G A P +/- PIM S H SB GA TA FO MP PP MP PK MP
------------------------------------------------------------------------------------
Anton Malmstrom 0 0 0 -1 0 0 3 0 0 0 0/0 15:25 0:00 2:06
Austin Rueschhoff 0 0 0 -1 0 3 2 0 0 0 8/15 15:46 0:42 0:00
Brendan Furry 0 0 0 0 0 0 0 0 0 0 0/0 0:00 0:00 0:00
Brian Pinho 0 0 0 1 0 4 1 0 0 0 0/1 22:15 7:16 5:06
Christoffer Sedoff 0 0 0 -1 2 0 1 1 0 0 0/0 15:23 0:00 2:05
Dino Kambeitz 0 1 1 1 0 2 1 1 0 0 2/3 21:10 7:16 3:55
Ethan Frisch 1 0 1 1 2 3 3 2 0 0 0/0 19:54 3:53 4:28
Griffin Mendel 0 0 0 1 5 1 2 1 0 0 0/0 18:52 3:53 3:08
Ilya Solovyov 0 0 0 1 0 1 3 1 0 0 0/0 24:16 7:37 4:31
Jeffrey Viel 0 0 0 -1 2 3 1 0 0 0 0/2 17:08 0:00 0:15
Jiri Smejkal 0 1 1 1 0 1 2 1 0 0 0/0 17:01 3:32 0:40
Joe Carroll 0 1 1 1 2 5 0 0 0 0 4/9 15:28 4:14 0:44
Justin Pearson 0 0 0 -1 0 0 0 0 0 0 1/2 14:15 0:00 0:00
Nikita Nesterenko 0 1 1 1 0 4 3 0 0 0 15/29 22:28 6:52 3:52
Tyler Wotherspoon 0 0 0 1 4 2 4 0 0 0 0/0 23:41 7:37 3:40
Tyson Kozak 0 0 0 0 0 0 0 0 0 0 1/1 1:50 0:24 0:55
Will MacKinnon 0 0 0 0 0 0 0 3 0 0 0/0 1:55 0:00 1:55
Wyatt Bongiovanni 1 0 1 1 0 2 1 0 0 0 10/27 19:45 4:14 5:17
3 Stars
1 - Tye Felhaber (BEL)
2 - Peter Abbandonato (BEL)
3 - Jon Merrill (BEL)
Power Play
Senators - 3 on 7 Attempt(s) - 42.86%
Checkers - 0 on 6 Attempt(s) - 0.00%
Penalty Kill
Senators - 6 on 6 Attempt(s) - 100.00%
- Score 0 goal in Penalty Kill
Checkers - 4 on 7 Attempt(s) - 57.14%
- Score 0 goal in Penalty Kill
Team Stat
Senators - Hits : 28 - Faceoff Wins : 48 - Blocked Shots : 14 - Penalty Minutes : 12
Checkers - Hits : 27 - Faceoff Wins : 41 - Blocked Shots : 10 - Penalty Minutes : 17
Official
Referees : Corey Syvret and Michael Markovic
Linesman : Devin Berg and Jesse Marquis
Game Notes
No Game Note
Finance
Level 1 -- Attendance: 2000 (100.00%) -- Ticket Income $70,000
Level 2 -- Attendance: 1000 (100.00%) -- Ticket Income $15,000
Total Attendance: 3000 (100.00%)
Total Ticket Income: $85,000
Other Income: $41,650
Total Income: $126,650
Senators
5 vs 5 Forward
Center Left Wing Right Wing Time % Phy DF OF
1 Seth Griffith Cameron Hebig Mathieu Olivier 30 0 1 4
2 Graeme Clarke Tye Felhaber Gerry Mayhew 27 0 1 4
3 Peter Abbandonato Greg McKegg Givani Smith 24 0 1 4
4 Cal O'Reilly Tyler Spezia Milan Lucic 19 0 1 4
5 vs 5 Defense
Defense Defense Time % Phy DF OF
1 William Villeneuve Dakota Mermis 30 0 4 1
2 Logan Day Jon Merrill 30 0 4 1
3 Roland McKeown Riley Stillman 30 0 4 1
4 William Villeneuve Dakota Mermis 10 0 4 1
PowerPlay Forward
Center Left Wing Right Wing Time % Phy DF OF
1 Seth Griffith Mathieu Olivier Gerry Mayhew 60 0 0 5
2 Peter Abbandonato Tye Felhaber Givani Smith 40 0 0 5
PowerPlay Defense
Defense Defense Time % Phy DF OF
1 Graeme Clarke Dakota Mermis 60 0 1 4
2 Cameron Hebig Jon Merrill 40 0 1 4
Penalty Kill 4 Players Forward
Center Wing Time % Phy DF OF
1 Greg McKegg Mathieu Olivier 60 0 4 1
2 Cal O'Reilly Milan Lucic 40 0 4 1
Penalty Kill 4 Players Defense
Defense Defense Time % Phy DF OF
1 William Villeneuve Logan Day 60 0 5 0
2 Riley Stillman Roland McKeown 40 0 5 0
Penalty Kill - 3 Players Forward
Forward Time % Phy DF OF
1 Greg McKegg 60 0 5 0
2 Cal O'Reilly 40 0 5 0
Penalty Kill - 3 Players Defense
Defense Defense Time % Phy DF OF
1 William Villeneuve Logan Day 60 0 5 0
2 Riley Stillman Roland McKeown 40 0 5 0
4 vs 4 Forward
Center Wing Time % Phy DF OF
1 Seth Griffith Gerry Mayhew 60 0 0 5
2 Peter Abbandonato Givani Smith 40 0 0 5
4 vs 4 Defense
Defense Defense Time % Phy DF OF
1 Graeme Clarke Dakota Mermis 60 0 1 4
2 Cameron Hebig Jon Merrill 40 0 1 4
Last Minutes Offensive
Center Left Wing Right Wing Defense Defense
Seth Griffith Mathieu Olivier Gerry Mayhew Graeme Clarke Dakota Mermis
Last Minutes Defensive
Center Left Wing Right Wing Defense Defense
Cal O'Reilly Greg McKegg Mathieu Olivier Dakota Mermis William Villeneuve
Goaltenders
Starting : Alexei Kolosov
Backup : Pavel Cajan
Extra Forwards
Normal : Seth Griffith, Gerry Mayhew, Graeme Clarke - PP : Seth Griffith, Graeme Clarke - PK : Mathieu Olivier
Extra Defensemen
Normal : Dakota Mermis, Jon Merrill, William Villeneuve - PP : Dakota Mermis - PK : Dakota Mermis, William Villeneuve
Penalty Shots
Gerry Mayhew, Seth Griffith, Graeme Clarke, Cameron Hebig, Mathieu Olivier
Custom OT Lines Forwards
Seth Griffith, Mathieu Olivier, Graeme Clarke, Givani Smith, Gerry Mayhew, Cameron Hebig, Peter Abbandonato, Greg McKegg, Cal O'Reilly, Milan Lucic
Custom OT Lines Defensemen
Dakota Mermis, Jon Merrill, William Villeneuve, Roland McKeown, Riley Stillman
Scratches
Mike Benning (Healthy), Blake Hillman (Healthy), Alex Whelan (Healthy), Zach Jordan (Healthy), Travis Barron (Healthy)
Mark Pysyk (Healthy), Garrett Roe (Healthy), Josh Melnick (Healthy), Nikolas Brouillard (Healthy), Lassi Thomson (Healthy)
Checkers
5 vs 5 Forward
Center Left Wing Right Wing Time % Phy DF OF
1 Austin Rueschhoff Justin Pearson Jeffrey Viel 25 1 2 2
2 Nikita Nesterenko Jiri Smejkal Brian Pinho 25 1 2 2
3 Wyatt Bongiovanni Joe Carroll Dino Kambeitz 25 1 2 2
4 Nikita Nesterenko Jiri Smejkal Jeffrey Viel 25 1 2 2
5 vs 5 Defense
Defense Defense Time % Phy DF OF
1 Tyler Wotherspoon Ilya Solovyov 25 1 2 2
2 Griffin Mendel Ethan Frisch 25 1 2 2
3 Christoffer Sedoff Anton Malmstrom 25 1 2 2
4 Ilya Solovyov Tyler Wotherspoon 25 1 2 2
PowerPlay Forward
Center Left Wing Right Wing Time % Phy DF OF
1 Joe Carroll Wyatt Bongiovanni Jiri Smejkal 60 1 2 2
2 Nikita Nesterenko Dino Kambeitz Brian Pinho 40 1 2 2
PowerPlay Defense
Defense Defense Time % Phy DF OF
1 Tyler Wotherspoon Ilya Solovyov 60 1 2 2
2 Griffin Mendel Ethan Frisch 40 1 2 2
Penalty Kill 4 Players Forward
Center Wing Time % Phy DF OF
1 Wyatt Bongiovanni Brian Pinho 60 1 2 2
2 Nikita Nesterenko Dino Kambeitz 40 1 2 2
Penalty Kill 4 Players Defense
Defense Defense Time % Phy DF OF
1 Tyler Wotherspoon Ilya Solovyov 60 1 2 2
2 Griffin Mendel Ethan Frisch 40 1 2 2
Penalty Kill - 3 Players Forward
Forward Time % Phy DF OF
1 Nikita Nesterenko 60 1 2 2
2 Brian Pinho 40 1 2 2
Penalty Kill - 3 Players Defense
Defense Defense Time % Phy DF OF
1 Tyler Wotherspoon Ilya Solovyov 60 1 2 2
2 Griffin Mendel Ethan Frisch 40 1 2 2
4 vs 4 Forward
Center Wing Time % Phy DF OF
1 Joe Carroll Brian Pinho 60 1 2 2
2 Nikita Nesterenko Wyatt Bongiovanni 40 1 2 2
4 vs 4 Defense
Defense Defense Time % Phy DF OF
1 Tyler Wotherspoon Ilya Solovyov 60 1 2 2
2 Griffin Mendel Ethan Frisch 40 1 2 2
Last Minutes Offensive
Center Left Wing Right Wing Defense Defense
Nikita Nesterenko Brian Pinho Jiri Smejkal Tyler Wotherspoon Ilya Solovyov
Last Minutes Defensive
Center Left Wing Right Wing Defense Defense
Nikita Nesterenko Brian Pinho Jiri Smejkal Tyler Wotherspoon Ilya Solovyov
Goaltenders
Starting : Matthew Murray
Backup : Farm Goalie 24
Extra Forwards
Normal : Joe Carroll, Wyatt Bongiovanni, Dino Kambeitz - PP : Joe Carroll, Wyatt Bongiovanni - PK : Dino Kambeitz
Extra Defensemen
Normal : Christoffer Sedoff, Anton Malmstrom, Ilya Solovyov - PP : Christoffer Sedoff - PK : Anton Malmstrom, Tyler Wotherspoon
Penalty Shots
Brian Pinho, Joe Carroll, Nikita Nesterenko, Wyatt Bongiovanni, Dino Kambeitz
Custom OT Lines Forwards
Brendan Furry, Jeffrey Viel, Nikita Nesterenko, Jiri Smejkal, Austin Rueschhoff, Brian Pinho, Joe Carroll, Wyatt Bongiovanni, Dino Kambeitz, Justin Pearson
Custom OT Lines Defensemen
Tyler Wotherspoon, Ilya Solovyov, Griffin Mendel, Ethan Frisch, Christoffer Sedoff
Scratches
Jacob Melanson (Healthy), Simon Pinard (Healthy), Alex Swetlikoff (Healthy), Ben Berard (Healthy), Ethan De Jong (Healthy)
Matt Brown (Healthy), Chris Jandric (Healthy), Ian McKinnon (Healthy), Luke Cavallin (Healthy)
% Time on Ice - Senators
Lines # - Real PCT - Wanted PCT - Time Play
Normal Forward
1 - 30% - 30% - 11:09
2 - 27% - 27% - 10:06
3 - 24% - 24% - 8:46
4 - 20% - 19% - 7:17
Normal Defense
1 - 32% - 30% - 12:06
2 - 29% - 30% - 10:51
3 - 35% - 30% - 12:54
4 - 4% - 10% - 1:27
PP Forward
1 - 51% - 60% - 5:40
2 - 49% - 40% - 5:32
PP Defense
1 - 53% - 60% - 5:59
2 - 47% - 40% - 5:13
PK Forward
1 - 59% - 60% - 6:46
2 - 41% - 40% - 4:44
PK Defense
1 - 44% - 60% - 5:01
2 - 56% - 40% - 6:29
PK3 Forward
1 - 0% - 60%
2 - 0% - 40%
PK3 Defense
1 - 0% - 60%
2 - 0% - 40%
44 Forward
1 - 0% - 60%
2 - 0% - 40%
44 Defense
1 - 0% - 60%
2 - 0% - 40%
Last Minute Offensive - 0:00
Last Minute Defensive - 0:00
Total
Forward - 60:00
Defense - 60:00
|
% Time on Ice - Checkers
Lines # - Real PCT - Wanted PCT - Time Play
Normal Forward
1 - 38% - 25% - 14:15
2 - 27% - 25% - 10:10
3 - 27% - 25% - 10:14
4 - 7% - 25% - 2:39
Normal Defense
1 - 18% - 25% - 6:54
2 - 31% - 25% - 11:34
3 - 36% - 25% - 13:19
4 - 15% - 25% - 5:31
PP Forward
1 - 37% - 60% - 4:14
2 - 63% - 40% - 7:16
PP Defense
1 - 66% - 60% - 7:37
2 - 34% - 40% - 3:53
PK Forward
1 - 75% - 60% - 6:47
2 - 25% - 40% - 2:16
PK Defense
1 - 40% - 60% - 3:37
2 - 60% - 40% - 5:26
PK3 Forward
1 - 84% - 60% - 1:49
2 - 16% - 40% - 0:20
PK3 Defense
1 - 64% - 60% - 1:23
2 - 36% - 40% - 0:46
44 Forward
1 - 0% - 60%
2 - 0% - 40%
44 Defense
1 - 0% - 60%
2 - 0% - 40%
Last Minute Offensive - 0:00
Last Minute Defensive - 0:00
Total
Forward - 60:00
Defense - 60:00
|
Play-by-Play
1st period
0:01 of 1st period - Austin Rueschhoff wins face-off versus Seth Griffith in neutral zone.
0:30 of 1st period - Shot by Justin Pearson.
0:30 of 1st period - Shot Misses the Net.
0:54 of 1st period - Shot by Nikita Nesterenko.
0:54 of 1st period - Shot Misses the Net.
0:56 of 1st period - Shot by Ethan Frisch.
0:56 of 1st period - Goal by Ethan Frisch - Senators : 0 - Checkers : 1.
0:57 of 1st period - Wyatt Bongiovanni wins face-off versus Graeme Clarke in neutral zone.
0:59 of 1st period - Off-side.
1:00 of 1st period - Peter Abbandonato wins face-off versus Wyatt Bongiovanni in neutral zone.
1:07 of 1st period - Shot by Peter Abbandonato.
1:07 of 1st period - Shot Misses the Net.
1:12 of 1st period - Minor Penalty to Christoffer Sedoff for Hooking.
1:13 of 1st period - Peter Abbandonato wins face-off versus Wyatt Bongiovanni in Checkers zone.
1:28 of 1st period - Wyatt Bongiovanni is hit by Givani Smith and loses puck.
2:14 of 1st period - Shot by Seth Griffith.
2:14 of 1st period - Shot Misses the Net.
2:16 of 1st period - Shot by Jon Merrill.
2:16 of 1st period - Stopped by Matthew Murray without a rebound.
2:17 of 1st period - Wyatt Bongiovanni wins face-off versus Peter Abbandonato in Checkers zone.
2:17 of 1st period - Wyatt Bongiovanni is hit by Tye Felhaber.
2:23 of 1st period - Shot by Jon Merrill.
2:23 of 1st period - Shot Misses the Net.
2:25 of 1st period - Shot by Peter Abbandonato.
2:25 of 1st period - Goal by Peter Abbandonato - Senators : 1 - Checkers : 1.
2:26 of 1st period - Cal O'Reilly wins face-off versus Jeffrey Viel in neutral zone.
2:35 of 1st period - Shot by Jeffrey Viel.
2:35 of 1st period - Shot Blocked by Roland McKeown.
2:37 of 1st period - Shot by Jiri Smejkal.
2:37 of 1st period - Shot Misses the Net.
2:48 of 1st period - Minor Penalty to Roland McKeown for Roughing.
2:49 of 1st period - Greg McKegg wins face-off versus Nikita Nesterenko in Senators zone.
2:55 of 1st period - Icing by Dino Kambeitz.
2:56 of 1st period - Greg McKegg wins face-off versus Nikita Nesterenko in Checkers zone.
3:05 of 1st period - William Villeneuve is hit by Nikita Nesterenko and loses puck.
3:26 of 1st period - Shot by Dino Kambeitz.
3:26 of 1st period - Shot Blocked by Logan Day.
3:28 of 1st period - Shot by Brian Pinho.
3:28 of 1st period - Shot Misses the Net.
3:30 of 1st period - Shot by Dino Kambeitz.
3:30 of 1st period - Stopped by Alexei Kolosov without a rebound.
3:31 of 1st period - Joe Carroll wins face-off versus Cal O'Reilly in Senators zone.
4:26 of 1st period - Brian Pinho is hit by Mathieu Olivier and loses puck.
4:54 of 1st period - Minor Penalty to Jeffrey Viel for Roughing.
4:55 of 1st period - Peter Abbandonato wins face-off versus Wyatt Bongiovanni in Checkers zone.
5:02 of 1st period - Shot by Cameron Hebig.
5:02 of 1st period - Shot Blocked by Griffin Mendel.
5:04 of 1st period - Shot by Peter Abbandonato.
5:04 of 1st period - Goal by Peter Abbandonato - Senators : 2 - Checkers : 1.
5:05 of 1st period - Austin Rueschhoff wins face-off versus Graeme Clarke in neutral zone.
5:16 of 1st period - Shot by Tye Felhaber.
5:16 of 1st period - Goal by Tye Felhaber - Senators : 3 - Checkers : 1.
5:17 of 1st period - Peter Abbandonato wins face-off versus Austin Rueschhoff in neutral zone.
5:25 of 1st period - Givani Smith is hit by Ethan Frisch and loses puck.
5:37 of 1st period - Off-side.
5:38 of 1st period - Graeme Clarke wins face-off versus Wyatt Bongiovanni in neutral zone.
6:10 of 1st period - Shot by Joe Carroll.
6:10 of 1st period - Stopped by Alexei Kolosov without a rebound.
6:11 of 1st period - Nikita Nesterenko wins face-off versus Peter Abbandonato in Senators zone.
6:11 of 1st period - Griffin Mendel is hit by Logan Day and loses puck.
6:15 of 1st period - Icing by Jon Merrill.
6:16 of 1st period - Nikita Nesterenko wins face-off versus Peter Abbandonato in Senators zone.
6:30 of 1st period - Shot by Givani Smith.
6:30 of 1st period - Shot Misses the Net.
6:40 of 1st period - Shot by Logan Day.
6:40 of 1st period - Stopped by Matthew Murray without a rebound.
6:41 of 1st period - Wyatt Bongiovanni wins face-off versus Seth Griffith in Checkers zone.
6:41 of 1st period - Wyatt Bongiovanni is hit by Mathieu Olivier.
6:46 of 1st period - Wyatt Bongiovanni is hit by Roland McKeown and loses puck.
6:51 of 1st period - Shot by Wyatt Bongiovanni.
6:51 of 1st period - Shot Blocked by Seth Griffith.
6:53 of 1st period - Shot by Dino Kambeitz.
6:53 of 1st period - Shot Misses the Net.
6:55 of 1st period - Shot by Wyatt Bongiovanni.
6:55 of 1st period - Goal by Wyatt Bongiovanni - Senators : 3 - Checkers : 2.
6:56 of 1st period - Graeme Clarke wins face-off versus Austin Rueschhoff in neutral zone.
7:01 of 1st period - Justin Pearson is hit by Tye Felhaber and loses puck.
7:09 of 1st period - Tye Felhaber is hit by Anton Malmstrom and loses puck.
7:17 of 1st period - Anton Malmstrom is hit by Dakota Mermis and loses puck.
8:05 of 1st period - Icing by Logan Day.
8:06 of 1st period - Seth Griffith wins face-off versus Wyatt Bongiovanni in Senators zone.
8:06 of 1st period - Jon Merrill is hit by Wyatt Bongiovanni and loses puck.
8:18 of 1st period - Minor Penalty to Joe Carroll for High sticking.
8:19 of 1st period - Peter Abbandonato wins face-off versus Wyatt Bongiovanni in Checkers zone.
9:21 of 1st period - Shot by Seth Griffith.
9:21 of 1st period - Stopped by Matthew Murray with a rebound.
10:43 of 1st period - Shot by Jeffrey Viel.
10:43 of 1st period - Deflect By Austin Rueschhoff.
10:43 of 1st period - Stopped by Alexei Kolosov with a rebound.
10:49 of 1st period - Justin Pearson is hit by Milan Lucic and loses puck.
11:31 of 1st period - Shot by Brian Pinho.
11:31 of 1st period - Stopped by Alexei Kolosov without a rebound.
11:32 of 1st period - Wyatt Bongiovanni wins face-off versus Graeme Clarke in Senators zone.
11:41 of 1st period - Shot by Joe Carroll.
11:41 of 1st period - Shot Blocked by Dakota Mermis.
11:43 of 1st period - Shot by Tyler Wotherspoon.
11:43 of 1st period - Stopped by Alexei Kolosov with a rebound.
11:45 of 1st period - Shot by Joe Carroll.
11:45 of 1st period - Stopped by Alexei Kolosov with a rebound.
11:47 of 1st period - Shot by Dino Kambeitz.
11:47 of 1st period - Stopped by Alexei Kolosov with a rebound.
11:49 of 1st period - Shot by Tyler Wotherspoon.
11:49 of 1st period - Shot Blocked by Dakota Mermis.
12:28 of 1st period - Icing by Jiri Smejkal.
12:29 of 1st period - Nikita Nesterenko wins face-off versus Peter Abbandonato in Checkers zone.
13:10 of 1st period - Shot by Austin Rueschhoff.
13:10 of 1st period - Shot Misses the Net.
13:12 of 1st period - Shot by Ethan Frisch.
13:12 of 1st period - Shot Blocked by Jon Merrill.
13:14 of 1st period - Shot by Ethan Frisch.
13:14 of 1st period - Stopped by Alexei Kolosov without a rebound.
13:15 of 1st period - Seth Griffith wins face-off versus Wyatt Bongiovanni in Senators zone.
14:02 of 1st period - Icing by Cameron Hebig.
14:03 of 1st period - Seth Griffith wins face-off versus Nikita Nesterenko in Senators zone.
14:03 of 1st period - Seth Griffith is hit by Jiri Smejkal.
14:17 of 1st period - Shot by Jiri Smejkal.
14:17 of 1st period - Deflect By Nikita Nesterenko.
14:17 of 1st period - Stopped by Alexei Kolosov without a rebound.
14:18 of 1st period - Cal O'Reilly wins face-off versus Justin Pearson in Senators zone.
14:42 of 1st period - Austin Rueschhoff is hit by Logan Day and loses puck.
14:50 of 1st period - Off-side.
14:51 of 1st period - Peter Abbandonato wins face-off versus Nikita Nesterenko in neutral zone.
14:58 of 1st period - Shot by Greg McKegg.
14:58 of 1st period - Stopped by Matthew Murray with a rebound.
15:34 of 1st period - Icing by Tyler Wotherspoon.
15:35 of 1st period - Nikita Nesterenko wins face-off versus Graeme Clarke in Checkers zone.
15:35 of 1st period - Nikita Nesterenko is hit by Graeme Clarke.
15:42 of 1st period - Minor Penalty to Graeme Clarke for Slashing.
15:43 of 1st period - Joe Carroll wins face-off versus Greg McKegg in Senators zone.
16:08 of 1st period - Shot by Austin Rueschhoff.
16:08 of 1st period - Shot Blocked by Logan Day.
16:30 of 1st period - Roland McKeown is hit by Brian Pinho and loses puck.
16:47 of 1st period - Shot by Brian Pinho.
16:47 of 1st period - Stopped by Alexei Kolosov without a rebound.
16:48 of 1st period - Joe Carroll wins face-off versus Greg McKegg in Senators zone.
16:51 of 1st period - Shot by Jiri Smejkal.
16:51 of 1st period - Deflect By Joe Carroll.
16:51 of 1st period - Shot Misses the Net.
16:53 of 1st period - Shot by Ethan Frisch.
16:53 of 1st period - Stopped by Alexei Kolosov without a rebound.
16:54 of 1st period - Nikita Nesterenko wins face-off versus Greg McKegg in Senators zone.
17:44 of 1st period - Jon Merrill is hit by Austin Rueschhoff and loses puck.
18:03 of 1st period - Shot by Jeffrey Viel.
18:03 of 1st period - Deflect By Austin Rueschhoff.
18:03 of 1st period - Stopped by Alexei Kolosov without a rebound.
18:04 of 1st period - Wyatt Bongiovanni wins face-off versus Cal O'Reilly in Senators zone.
18:09 of 1st period - Shot by Joe Carroll.
18:09 of 1st period - Shot Blocked by Riley Stillman.
18:21 of 1st period - Shot by Joe Carroll.
18:21 of 1st period - Stopped by Alexei Kolosov without a rebound.
18:22 of 1st period - Austin Rueschhoff wins face-off versus Graeme Clarke in Senators zone.
19:08 of 1st period - Icing by Justin Pearson.
19:09 of 1st period - Austin Rueschhoff wins face-off versus Seth Griffith in Checkers zone.
19:20 of 1st period - Icing by Roland McKeown.
19:21 of 1st period - Nikita Nesterenko wins face-off versus Seth Griffith in Senators zone.
19:26 of 1st period - Shot by Nikita Nesterenko.
19:26 of 1st period - Stopped by Alexei Kolosov with a rebound.
19:32 of 1st period - Shot by Cameron Hebig.
19:32 of 1st period - Stopped by Matthew Murray without a rebound.
19:33 of 1st period - Peter Abbandonato wins face-off versus Wyatt Bongiovanni in Checkers zone.
19:36 of 1st period - Shot by Givani Smith.
19:36 of 1st period - Shot Misses the Net.
19:38 of 1st period - Shot by Jon Merrill.
19:38 of 1st period - Shot Misses the Net.
19:40 of 1st period - Shot by Givani Smith.
19:40 of 1st period - Shot Misses the Net.
19:52 of 1st period - Shot by Peter Abbandonato.
19:52 of 1st period - Shot Misses the Net.
19:54 of 1st period - Shot by Greg McKegg.
19:54 of 1st period - Shot Blocked by Dino Kambeitz.
Goals for this period are 3 for Senators vs 2 for Checkers.
Shots for this period are 8 for Senators vs 16 for Checkers.
2nd period
0:01 of 2nd period - Nikita Nesterenko wins face-off versus Seth Griffith in neutral zone.
0:22 of 2nd period - Shot by Jeffrey Viel.
0:22 of 2nd period - Shot Misses the Net.
0:27 of 2nd period - Off-side.
0:28 of 2nd period - Wyatt Bongiovanni wins face-off versus Peter Abbandonato in neutral zone.
0:43 of 2nd period - Icing by Dakota Mermis.
0:44 of 2nd period - Austin Rueschhoff wins face-off versus Peter Abbandonato in Senators zone.
0:44 of 2nd period - Jeffrey Viel is hit by William Villeneuve and loses puck.
1:02 of 2nd period - Givani Smith is hit by Austin Rueschhoff and loses puck.
1:37 of 2nd period - Off-side.
1:38 of 2nd period - Nikita Nesterenko wins face-off versus Graeme Clarke in neutral zone.
1:41 of 2nd period - Graeme Clarke is hit by Jiri Smejkal and loses puck.
1:51 of 2nd period - Nikita Nesterenko is hit by Logan Day.
1:53 of 2nd period - Shot by Jiri Smejkal.
1:53 of 2nd period - Shot Misses the Net.
1:55 of 2nd period - Shot by Jiri Smejkal.
1:55 of 2nd period - Stopped by Alexei Kolosov without a rebound.
1:56 of 2nd period - Wyatt Bongiovanni wins face-off versus Cal O'Reilly in Senators zone.
2:10 of 2nd period - Shot by Wyatt Bongiovanni.
2:10 of 2nd period - Stopped by Alexei Kolosov without a rebound.
2:11 of 2nd period - Seth Griffith wins face-off versus Nikita Nesterenko in Senators zone.
2:11 of 2nd period - Seth Griffith is hit by Nikita Nesterenko.
2:22 of 2nd period - Cameron Hebig is hit by Tyler Wotherspoon and loses puck.
2:25 of 2nd period - Shot by Mathieu Olivier.
2:25 of 2nd period - Stopped by Matthew Murray with a rebound.
2:27 of 2nd period - Shot by Mathieu Olivier.
2:27 of 2nd period - Stopped by Matthew Murray with a rebound.
2:29 of 2nd period - Shot by Mathieu Olivier.
2:29 of 2nd period - Stopped by Matthew Murray without a rebound.
2:30 of 2nd period - Graeme Clarke wins face-off versus Wyatt Bongiovanni in Checkers zone.
3:33 of 2nd period - Shot by Mathieu Olivier.
3:33 of 2nd period - Stopped by Matthew Murray with a rebound.
3:47 of 2nd period - Shot by Nikita Nesterenko.
3:47 of 2nd period - Stopped by Alexei Kolosov without a rebound.
3:48 of 2nd period - Austin Rueschhoff wins face-off versus Cal O'Reilly in Senators zone.
3:51 of 2nd period - Shot by Jeffrey Viel.
3:51 of 2nd period - Shot Misses the Net.
3:54 of 2nd period - Icing by Roland McKeown.
3:55 of 2nd period - Nikita Nesterenko wins face-off versus Cal O'Reilly in Senators zone.
4:16 of 2nd period - Shot by Cal O'Reilly.
4:16 of 2nd period - Stopped by Matthew Murray without a rebound.
4:17 of 2nd period - Peter Abbandonato wins face-off versus Jeffrey Viel in Checkers zone.
4:37 of 2nd period - Ilya Solovyov is hit by Jon Merrill and loses puck.
4:40 of 2nd period - Shot by Austin Rueschhoff.
4:40 of 2nd period - Deflect By Jeffrey Viel.
4:40 of 2nd period - Stopped by Alexei Kolosov without a rebound.
4:41 of 2nd period - Seth Griffith wins face-off versus Wyatt Bongiovanni in Senators zone.
5:37 of 2nd period - Icing by Mathieu Olivier.
5:38 of 2nd period - Nikita Nesterenko wins face-off versus Seth Griffith in Senators zone.
5:38 of 2nd period - Jiri Smejkal is hit by Dakota Mermis and loses puck.
5:42 of 2nd period - Jeffrey Viel is hit by Dakota Mermis and loses puck.
6:00 of 2nd period - Jiri Smejkal is hit by William Villeneuve and loses puck.
6:01 of 2nd period - Minor Penalty to Dakota Mermis for Cross-checking.
6:02 of 2nd period - Nikita Nesterenko wins face-off versus Cal O'Reilly in Senators zone.
6:13 of 2nd period - Shot by Ilya Solovyov.
6:13 of 2nd period - Shot Blocked by Riley Stillman.
6:15 of 2nd period - Shot by Ilya Solovyov.
6:15 of 2nd period - Shot Blocked by Cal O'Reilly.
6:17 of 2nd period - Shot by Nikita Nesterenko.
6:17 of 2nd period - Shot Misses the Net.
6:19 of 2nd period - Shot by Ilya Solovyov.
6:19 of 2nd period - Shot Misses the Net.
6:58 of 2nd period - Shot by Griffin Mendel.
6:58 of 2nd period - Stopped by Alexei Kolosov without a rebound.
6:59 of 2nd period - Greg McKegg wins face-off versus Joe Carroll in Senators zone.
7:12 of 2nd period - Shot by Tyler Wotherspoon.
7:12 of 2nd period - Shot Misses the Net.
7:14 of 2nd period - Shot by Wyatt Bongiovanni.
7:14 of 2nd period - Deflect By Jiri Smejkal.
7:14 of 2nd period - Shot Blocked by Logan Day.
7:16 of 2nd period - Shot by Jiri Smejkal.
7:16 of 2nd period - Shot Misses the Net.
7:18 of 2nd period - Shot by Ilya Solovyov.
7:18 of 2nd period - Shot Blocked by Logan Day.
8:51 of 2nd period - Shot by Milan Lucic.
8:51 of 2nd period - Stopped by Matthew Murray without a rebound.
8:52 of 2nd period - Nikita Nesterenko wins face-off versus Seth Griffith in Checkers zone.
8:52 of 2nd period - Nikita Nesterenko is hit by Mathieu Olivier.
9:04 of 2nd period - Shot by Mathieu Olivier.
9:04 of 2nd period - Shot Blocked by Ethan Frisch.
9:29 of 2nd period - Off-side.
9:30 of 2nd period - Graeme Clarke wins face-off versus Wyatt Bongiovanni in neutral zone.
9:40 of 2nd period - Minor Penalty to Riley Stillman for Hooking.
9:41 of 2nd period - Greg McKegg wins face-off versus Brian Pinho in Senators zone.
10:03 of 2nd period - Shot by Brian Pinho.
10:03 of 2nd period - Stopped by Alexei Kolosov with a rebound.
10:58 of 2nd period - Shot by Cal O'Reilly.
10:58 of 2nd period - Shot Misses the Net.
11:10 of 2nd period - Shot by Cal O'Reilly.
11:10 of 2nd period - Shot Misses the Net.
11:20 of 2nd period - Tye Felhaber is hit by Dino Kambeitz and loses puck.
11:40 of 2nd period - Off-side.
11:41 of 2nd period - Austin Rueschhoff wins face-off versus Peter Abbandonato in neutral zone.
12:11 of 2nd period - Peter Abbandonato is hit by Anton Malmstrom and loses puck.
13:03 of 2nd period - Off-side.
13:04 of 2nd period - Cal O'Reilly wins face-off versus Wyatt Bongiovanni in neutral zone.
13:15 of 2nd period - Shot by Cal O'Reilly.
13:15 of 2nd period - Stopped by Matthew Murray without a rebound.
13:16 of 2nd period - Wyatt Bongiovanni wins face-off versus Seth Griffith in Checkers zone.
13:28 of 2nd period - Seth Griffith is hit by Griffin Mendel and loses puck.
13:46 of 2nd period - Wyatt Bongiovanni is hit by Riley Stillman and loses puck.
14:21 of 2nd period - Off-side.
14:22 of 2nd period - Dino Kambeitz wins face-off versus Graeme Clarke in neutral zone.
14:37 of 2nd period - Shot by Gerry Mayhew.
14:37 of 2nd period - Shot Misses the Net.
14:45 of 2nd period - Shot by Graeme Clarke.
14:45 of 2nd period - Shot Blocked by Jiri Smejkal.
14:57 of 2nd period - Shot by Graeme Clarke.
14:57 of 2nd period - Shot Blocked by Ilya Solovyov.
14:59 of 2nd period - Shot by Gerry Mayhew.
14:59 of 2nd period - Shot Misses the Net.
15:16 of 2nd period - Milan Lucic is hit by Ilya Solovyov.
15:26 of 2nd period - Shot by Cal O'Reilly.
15:26 of 2nd period - Stopped by Matthew Murray without a rebound.
15:27 of 2nd period - Peter Abbandonato wins face-off versus Austin Rueschhoff in Checkers zone.
15:29 of 2nd period - Givani Smith is hit by Christoffer Sedoff and loses puck.
15:33 of 2nd period - Icing by Anton Malmstrom.
15:34 of 2nd period - Austin Rueschhoff wins face-off versus Peter Abbandonato in Checkers zone.
15:47 of 2nd period - Shot by Jeffrey Viel.
15:47 of 2nd period - Stopped by Alexei Kolosov without a rebound.
15:48 of 2nd period - Tyler Spezia wins face-off versus Wyatt Bongiovanni in Senators zone.
16:18 of 2nd period - Shot by Cal O'Reilly.
16:18 of 2nd period - Shot Misses the Net.
16:29 of 2nd period - Icing by Ethan Frisch.
16:30 of 2nd period - Wyatt Bongiovanni wins face-off versus Graeme Clarke in Checkers zone.
16:34 of 2nd period - Joe Carroll is hit by Roland McKeown and loses puck.
16:47 of 2nd period - Ethan Frisch is hit by Graeme Clarke.
16:57 of 2nd period - Shot by Tye Felhaber.
16:57 of 2nd period - Stopped by Matthew Murray without a rebound.
16:58 of 2nd period - Justin Pearson wins face-off versus Peter Abbandonato in Checkers zone.
17:02 of 2nd period - Tyler Wotherspoon is hit by Givani Smith and loses puck.
17:09 of 2nd period - Shot by Austin Rueschhoff.
17:09 of 2nd period - Shot Misses the Net.
17:28 of 2nd period - Austin Rueschhoff is hit by William Villeneuve and loses puck.
17:35 of 2nd period - Shot by Austin Rueschhoff.
17:35 of 2nd period - Stopped by Alexei Kolosov without a rebound.
17:36 of 2nd period - Nikita Nesterenko wins face-off versus Cal O'Reilly in Senators zone.
17:41 of 2nd period - Shot by Brian Pinho.
17:41 of 2nd period - Stopped by Alexei Kolosov without a rebound.
17:42 of 2nd period - Graeme Clarke wins face-off versus Nikita Nesterenko in Senators zone.
17:42 of 2nd period - Graeme Clarke is hit by Nikita Nesterenko.
17:52 of 2nd period - Brian Pinho is hit by Gerry Mayhew and loses puck.
17:59 of 2nd period - Shot by Gerry Mayhew.
17:59 of 2nd period - Shot Blocked by Christoffer Sedoff.
18:01 of 2nd period - Shot by Riley Stillman.
18:01 of 2nd period - Stopped by Matthew Murray without a rebound.
18:02 of 2nd period - Seth Griffith wins face-off versus Austin Rueschhoff in Checkers zone.
18:02 of 2nd period - Jon Merrill is hit by Griffin Mendel and loses puck.
18:06 of 2nd period - Icing by Austin Rueschhoff.
18:07 of 2nd period - Cameron Hebig wins face-off versus Austin Rueschhoff in Checkers zone.
18:32 of 2nd period - Shot by Mathieu Olivier.
18:32 of 2nd period - Stopped by Matthew Murray without a rebound.
18:33 of 2nd period - Graeme Clarke wins face-off versus Nikita Nesterenko in Checkers zone.
18:34 of 2nd period - Shot by Roland McKeown.
18:34 of 2nd period - Stopped by Matthew Murray without a rebound.
18:35 of 2nd period - Gerry Mayhew wins face-off versus Nikita Nesterenko in Checkers zone.
18:46 of 2nd period - Shot by Graeme Clarke.
18:46 of 2nd period - Stopped by Matthew Murray with a rebound.
18:58 of 2nd period - Shot by Nikita Nesterenko.
18:58 of 2nd period - Shot Blocked by Riley Stillman.
19:25 of 2nd period - Icing by Roland McKeown.
19:26 of 2nd period - Graeme Clarke wins face-off versus Wyatt Bongiovanni in Senators zone.
19:58 of 2nd period - Peter Abbandonato is hit by Ethan Frisch and loses puck.
19:59 of 2nd period - Minor Penalty to Ethan Frisch for Cross-checking.
Goals for this period are 0 for Senators vs 0 for Checkers.
Shots for this period are 13 for Senators vs 9 for Checkers.
3rd period
0:01 of 3rd period - Seth Griffith wins face-off versus Wyatt Bongiovanni in neutral zone.
0:51 of 3rd period - Shot by Givani Smith.
0:51 of 3rd period - Stopped by Matthew Murray without a rebound.
0:51 of 3rd period - Major Penalty to Griffin Mendel for Boarding.
0:52 of 3rd period - Peter Abbandonato wins face-off versus Nikita Nesterenko in Checkers zone.
0:52 of 3rd period - Peter Abbandonato is hit by Ilya Solovyov.
1:01 of 3rd period - Minor Penalty to Tyler Wotherspoon for Roughing.
1:02 of 3rd period - Peter Abbandonato wins face-off versus Nikita Nesterenko in Checkers zone.
1:13 of 3rd period - Shot by Tye Felhaber.
1:13 of 3rd period - Goal by Tye Felhaber - Senators : 4 - Checkers : 2.
1:14 of 3rd period - Seth Griffith wins face-off versus Nikita Nesterenko in neutral zone.
2:59 of 3rd period - Shot by Gerry Mayhew.
2:59 of 3rd period - Shot Misses the Net.
3:05 of 3rd period - Shot by Gerry Mayhew.
3:05 of 3rd period - Stopped by Matthew Murray without a rebound.
3:06 of 3rd period - Wyatt Bongiovanni wins face-off versus Peter Abbandonato in Checkers zone.
4:12 of 3rd period - Seth Griffith is hit by Anton Malmstrom and loses puck.
4:47 of 3rd period - Shot by William Villeneuve.
4:47 of 3rd period - Stopped by Matthew Murray without a rebound.
4:48 of 3rd period - Nikita Nesterenko wins face-off versus Seth Griffith in Checkers zone.
4:57 of 3rd period - Tyler Wotherspoon is hit by Milan Lucic and loses puck.
5:28 of 3rd period - Shot by Gerry Mayhew.
5:28 of 3rd period - Stopped by Matthew Murray with a rebound.
5:34 of 3rd period - Shot by Peter Abbandonato.
5:34 of 3rd period - Shot Blocked by Will MacKinnon.
5:40 of 3rd period - Shot by Cameron Hebig.
5:40 of 3rd period - Stopped by Matthew Murray with a rebound.
5:42 of 3rd period - Shot by Riley Stillman.
5:42 of 3rd period - Shot Blocked by Will MacKinnon.
5:44 of 3rd period - Shot by Cameron Hebig.
5:44 of 3rd period - Shot Misses the Net.
5:46 of 3rd period - Shot by Peter Abbandonato.
5:46 of 3rd period - Shot Blocked by Will MacKinnon.
5:48 of 3rd period - Shot by Cameron Hebig.
5:48 of 3rd period - Shot Misses the Net.
5:50 of 3rd period - Shot by Riley Stillman.
5:50 of 3rd period - Shot Misses the Net.
6:53 of 3rd period - Logan Day is hit by Ilya Solovyov and loses puck.
7:31 of 3rd period - Off-side.
7:32 of 3rd period - Dino Kambeitz wins face-off versus Cal O'Reilly in neutral zone.
8:30 of 3rd period - Shot by Graeme Clarke.
8:30 of 3rd period - Stopped by Matthew Murray without a rebound.
8:31 of 3rd period - Seth Griffith wins face-off versus Austin Rueschhoff in Checkers zone.
8:51 of 3rd period - Seth Griffith is hit by Tyler Wotherspoon and loses puck.
9:00 of 3rd period - Shot by Austin Rueschhoff.
9:00 of 3rd period - Shot Misses the Net.
9:16 of 3rd period - Shot by Nikita Nesterenko.
9:16 of 3rd period - Stopped by Alexei Kolosov without a rebound.
9:17 of 3rd period - Peter Abbandonato wins face-off versus Wyatt Bongiovanni in Senators zone.
9:30 of 3rd period - Shot by Peter Abbandonato.
9:30 of 3rd period - Shot Blocked by Ethan Frisch.
10:27 of 3rd period - Minor Penalty to Graeme Clarke for Slashing.
10:28 of 3rd period - Cal O'Reilly wins face-off versus Joe Carroll in Senators zone.
10:44 of 3rd period - Shot by Tyler Wotherspoon.
10:44 of 3rd period - Shot Misses the Net.
10:46 of 3rd period - Shot by Joe Carroll.
10:46 of 3rd period - Stopped by Alexei Kolosov without a rebound.
10:47 of 3rd period - Greg McKegg wins face-off versus Dino Kambeitz in Senators zone.
11:40 of 3rd period - Icing by Griffin Mendel.
11:41 of 3rd period - Cal O'Reilly wins face-off versus Joe Carroll in Checkers zone.
11:46 of 3rd period - Shot by Cal O'Reilly.
11:46 of 3rd period - Stopped by Matthew Murray without a rebound.
11:47 of 3rd period - Joe Carroll wins face-off versus Cal O'Reilly in Checkers zone.
12:02 of 3rd period - Shot by Joe Carroll.
12:02 of 3rd period - Stopped by Alexei Kolosov without a rebound.
12:03 of 3rd period - Tyson Kozak wins face-off versus Greg McKegg in Senators zone.
12:04 of 3rd period - Shot by Tyler Wotherspoon.
12:04 of 3rd period - Stopped by Alexei Kolosov with a rebound.
12:09 of 3rd period - Brian Pinho is hit by Riley Stillman and loses puck.
12:27 of 3rd period - Shot by Tyson Kozak.
12:27 of 3rd period - Deflect By Austin Rueschhoff.
12:27 of 3rd period - Shot Misses the Net.
12:29 of 3rd period - Shot by Jeffrey Viel.
12:29 of 3rd period - Shot Hit the Post.
12:31 of 3rd period - Shot by Anton Malmstrom.
12:31 of 3rd period - Shot Misses the Net.
12:33 of 3rd period - Shot by Austin Rueschhoff.
12:33 of 3rd period - Shot Misses the Net.
12:35 of 3rd period - Shot by Jeffrey Viel.
12:35 of 3rd period - Stopped by Alexei Kolosov without a rebound.
12:36 of 3rd period - Cal O'Reilly wins face-off versus Austin Rueschhoff in Senators zone.
13:45 of 3rd period - Shot by Tye Felhaber.
13:45 of 3rd period - Shot Misses the Net.
14:02 of 3rd period - Christoffer Sedoff is hit by Mathieu Olivier and loses puck.
14:12 of 3rd period - Dakota Mermis is hit by Jeffrey Viel and loses puck.
14:44 of 3rd period - Anton Malmstrom is hit by Jon Merrill and loses puck.
15:01 of 3rd period - Icing by Ilya Solovyov.
15:02 of 3rd period - Cal O'Reilly wins face-off versus Nikita Nesterenko in Checkers zone.
15:07 of 3rd period - Shot by Milan Lucic.
15:07 of 3rd period - Shot Misses the Net.
15:20 of 3rd period - Milan Lucic is hit by Tyler Wotherspoon and loses puck.
15:33 of 3rd period - Shot by Cal O'Reilly.
15:33 of 3rd period - Shot Misses the Net.
15:46 of 3rd period - Graeme Clarke is hit by Tyler Wotherspoon and loses puck.
16:08 of 3rd period - Minor Penalty to Tyler Wotherspoon for Hooking.
16:09 of 3rd period - Seth Griffith wins face-off versus Wyatt Bongiovanni in Checkers zone.
16:09 of 3rd period - Seth Griffith is hit by Ethan Frisch.
16:20 of 3rd period - Shot by Seth Griffith.
16:20 of 3rd period - Stopped by Matthew Murray with a rebound.
17:17 of 3rd period - Icing by Givani Smith.
17:18 of 3rd period - Nikita Nesterenko wins face-off versus Peter Abbandonato in Senators zone.
18:24 of 3rd period - Minor Penalty to Riley Stillman for Hooking.
18:25 of 3rd period - Greg McKegg wins face-off versus Nikita Nesterenko in Senators zone.
18:33 of 3rd period - Off-side.
18:34 of 3rd period - Greg McKegg wins face-off versus Joe Carroll in neutral zone.
18:40 of 3rd period - Icing by Ilya Solovyov.
18:41 of 3rd period - Greg McKegg wins face-off versus Joe Carroll in Checkers zone.
18:46 of 3rd period - Shot by Mathieu Olivier.
18:46 of 3rd period - Deflect By Greg McKegg.
18:46 of 3rd period - Stopped by Matthew Murray with a rebound.
18:56 of 3rd period - Shot by Joe Carroll.
18:56 of 3rd period - Shot Misses the Net.
18:58 of 3rd period - Shot by Ilya Solovyov.
18:58 of 3rd period - Stopped by Alexei Kolosov with a rebound.
19:00 of 3rd period - Shot by Jiri Smejkal.
19:00 of 3rd period - Shot Misses the Net.
19:20 of 3rd period - Icing by Griffin Mendel.
19:21 of 3rd period - Cal O'Reilly wins face-off versus Nikita Nesterenko in Checkers zone.
19:40 of 3rd period - Shot by Griffin Mendel.
19:40 of 3rd period - Shot Blocked by Roland McKeown.
19:42 of 3rd period - Shot by Ethan Frisch.
19:42 of 3rd period - Shot Misses the Net.
Goals for this period are 1 for Senators vs 0 for Checkers.
Shots for this period are 10 for Senators vs 6 for Checkers.
Back to the Top